AoeStats
← Terra.

Oasis

510177265Analyzed
4v4 RM · 2d ago on Sep 29, 2026· 54m 34s· 8 players
Game mode
Random Map
Map size
Large (8 player)
Population
200
Speed
Normal
Resources
Standard
Victory
Conquest
Starting age
Dark Age
Ending age
Imperial Age
RankedLock teamsTeams togetherTeam positionsShared explorationLock speedFull tech treeHidden civsTurbo modeCheats
Victory
Defeat
🇬🇧 Varangians · United Kingdom
1280
+14
🇨🇱 Lithuanians · Chile
1195
+18
🇿🇦 Saxons · South Africa
1179
+19
🇧🇷 Franks · Brazil
1151
+20
🇲🇽 Cumans · Mexico
1300
-20
🇲🇽 Muisca · Mexico
1283
-20
🇪🇸 Burmese · Spain
1278
-19
🇲🇽 Japanese · Mexico
1088
-12
El Cachorro
2:08 Loom
9:45 Feudal Age
15:54 Fletching
17:50 Padded Archer Armor
24:10 Castle Age
21:58 Double-Bit Axe
21:54 Horse Collar
24:11 Gold Mining
24:15 Crossbowman
25:04 Thumb Ring
24:55 Bodkin Arrow
27:16 Gold Shaft Mining
28:12 Leather Archer Armor
30:56 Ballistics
34:54 Wheelbarrow
35:37 Scale Mail Armor
38:19 Imperial Age
38:09 Heavy Plow
38:21 Bow Saw
38:31 Arbalester
39:13 Bracer
40:21 Chemistry
44:44 Hand Cart
47:20 Squires
47:37 Chain Mail Armor
47:59 Elite Temple Guard
49:19 Plate Mail Armor
51:24 Forging
Diego
1:53 Loom
8:50 Feudal Age
20:27 Wheelbarrow
24:31 Forging
25:18 Scale Mail Armor
29:26 Double-Bit Axe
34:41 Castle Age
35:01 Horse Collar
34:59 Pikeman
35:39 Squires
35:34 Gold Mining
36:26 Hand Cart
39:29 Chain Mail Armor
39:59 Iron Casting
39:43 Capped Ram
50:56 Imperial Age
Santo Cipriano
0:49 Loom
12:53 Feudal Age
13:51 Double-Bit Axe
14:46 Gold Mining
15:36 Horse Collar
21:56 Man-at-Arms
22:22 Arson
23:44 Forging
23:51 Stone Mining
26:29 Castle Age
24:51 Scale Mail Armor
25:55 Padded Archer Armor
26:29 Fletching
28:27 Bow Saw
28:55 Iron Casting
28:11 Pikeman
28:14 Long Swordsman
29:48 Chain Mail Armor
30:36 Squires
31:32 Heavy Plow
31:21 Gambesons
32:25 Wheelbarrow
34:00 Hand Cart
34:26 Leather Archer Armor
35:37 Gold Shaft Mining
35:00 Murder Holes
34:48 Treadmill Crane
40:56 Imperial Age
39:13 Bodkin Arrow
40:19 Ballistics
44:22 Blast Furnace
44:33 Elite Samurai
45:15 Yasama
45:52 Kataparuto
47:41 Halberdier
49:00 Plate Mail Armor
48:31 Bracer
Alejandro_Cao
3:07 Loom
10:19 Feudal Age
11:08 Horse Collar
18:06 Castle Age
16:43 Stone Mining
19:51 Fletching
20:11 Heavy Plow
25:09 Wheelbarrow
33:49 Imperial Age
31:54 Bloodlines
33:32 Bodkin Arrow
34:15 Gold Mining
35:29 Conscription
37:15 Husbandry
37:25 Padded Archer Armor
38:05 Bloodlines
38:57 Parthian Tactics
40:24 Town Watch
40:54 Hand Cart
40:44 Manipur Cavalry
42:26 Elite Arambai
45:09 Chemistry
44:30 Ballistics
44:24 Siege Engineers
44:07 Light Cavalry
Terra.
7:34 Loom
12:18 Feudal Age
13:02 Town Watch
18:01 Castle Age
15:54 Double-Bit Axe
17:24 Horse Collar
19:14 Bow Saw
20:52 Heavy Plow
25:48 Ballistics
26:45 Squires
29:00 Scale Mail Armor
29:11 Forging
28:47 Gambesons
29:23 Arson
31:40 Chain Mail Armor
32:53 Iron Casting
33:10 Pikeman
34:33 Wheelbarrow
33:51 Gold Mining
34:52 Clerical Recruitment
38:32 Imperial Age
37:19 Treadmill Crane
37:50 Fortified Wall
37:50 Masonry
39:15 Hand Cart
39:01 Town Patrol
39:02 Heavy Scorpion
39:05 Halberdier
42:01 Chemistry
41:27 Conscription
40:30 Shield Wall
40:37 Elite Hearth Troop
41:57 Crop Rotation
43:05 Two-Man Saw
41:36 Capped Ram
43:46 Plate Mail Armor
43:08 Fletching
43:25 Siege Engineers
44:13 Architecture
43:40 Guard Tower
43:35 Arrowslits
44:08 Caravan
44:19 Elite Varangian Guard
45:20 Siege Ram
DigAndDug
6:46 Loom
10:07 Feudal Age
12:00 Horse Collar
13:01 Double-Bit Axe
16:23 Forging
29:31 Castle Age
33:07 Scale Barding Armor
33:20 Bloodlines
35:14 Wheelbarrow
38:33 Heavy Plow
41:38 Iron Casting
40:45 Vendel Legacy
43:00 Gold Mining
46:27 Imperial Age
44:47 Squires
47:06 Cavalier
50:27 Scale Mail Armor
52:27 Elite Varangian Guard
54:51 Chain Mail Armor
54:20 Gothikon
jp.manhaes94
10:33 Feudal Age
14:46 Castle Age
16:40 Double-Bit Axe
17:07 Man-at-Arms
20:04 Scale Barding Armor
25:18 Loom
26:12 Husbandry
26:54 Forging
30:20 Chain Barding Armor
37:33 Wheelbarrow
37:52 Bow Saw
37:43 Gold Mining
38:47 Iron Casting
42:34 Imperial Age
40:32 Caravan
41:05 Hand Cart
42:59 Cavalier
45:17 Plate Barding Armor
44:44 Cavalier
46:34 Blast Furnace
45:48 Town Watch
48:19 Cavalier
51:07 Paladin
55:21 Conscription
MauRods
5:16 Loom
9:55 Feudal Age
15:38 Castle Age
13:54 Double-Bit Axe
16:11 Scale Barding Armor
16:16 Forging
17:28 Bloodlines
19:30 Husbandry
22:24 Iron Casting
23:57 Wheelbarrow
24:48 Chain Barding Armor
27:23 Hand Cart
31:50 Bow Saw
35:38 Fletching
39:09 Imperial Age
36:26 Town Watch
37:05 Gold Mining
37:08 Stone Mining
40:28 Plate Barding Armor
39:14 Cavalier
41:15 Conscription
41:26 Paladin
51:24 Town Patrol
54:30 Caravan
Connection lost

Rejoining the realm…

Still unreachable

The connection could not be restored.

Session expired

The server has moved on; the page needs a fresh start.